Map: Submarine LE

Players

Federkick

  • Race: Terran Terran
  • League: Platinum
  • Spawn Location: 5:00

rottenorange - Winner!

  • Race: Zerg Zerg
  • League: Gold
  • Spawn Location: 11:00

VOD

Have the link to the VOD?

Description

Time

  • Played on: Oct. 11, 2020, 6:40 a.m.
  • Length: 14:47
Show
View Real Time Build Order
Export as new Build Order

Federkick Terran 

Build Orders: Mech 

Get SALT Encoding   

  12  0:00  SCV  
  13  0:12  SCV  
  14  0:20  Supply Depot  
  14  0:24  SCV  
  15  0:28  Refinery  
  15  0:42  SCV  
  16  0:46  Barracks  
  16  0:54  SCV  
  17  1:06  SCV  
  18  1:18  SCV  
  19  1:32  Orbital Command  
  19  1:45  Command Center  
  19  1:49  Barracks Reactor  
  19  1:57  Refinery  
  19  2:08  Factory  
  19  2:09  SCV  
  20  2:19  Supply Depot  
  20  2:21  SCV  
  21  2:31  Marine  
  21  2:32  Marine  
  23  2:41  SCV  
  24  2:49  Marine  
  24  2:50  Marine  
  26  3:02  Orbital Command  
  26  3:14  Factory Reactor  
  26  3:15  SCV  
  27  3:25  Starport  
  27  3:27  SCV  
  27  3:29  SCV  
  29  3:35  Marine x2  
  29  3:39  SCV  
  32  3:42  SCV  
  33  3:51  SCV, Widow Mine x2  
  33  3:54  SCV  
  39  3:56  Refinery  
  39  4:03  SCV  
  39  4:04  Refinery  
  39  4:06  SCV  
  39  4:07  Supply Depot  
  41  4:10  Marine x2  
  41  4:14  Starport Reactor  
  41  4:15  SCV  
  44  4:18  SCV  
  44  4:22  Factory  
  45  4:24  Factory  
  45  4:27  SCV  
  45  4:30  SCV, Supply Depot  
  47  4:38  Widow Mine x2  
  51  4:39  SCV  
  51  4:42  SCV  
  51  4:43  Armory  
  53  4:51  SCV  
  54  4:54  SCV, Medivac x2  
  59  5:01  Engineering Bay  
  59  5:04  SCV  
  59  5:05  Widow Mine  
  62  5:25  Factory Tech Lab x2  
  62  5:42  Terran Vehicle Weapons Level 1  
  62  5:49  Supply Depot  
  62  5:57  Command Center  
  62  5:59  Drilling Claws  
  62  6:03  Missile Turret  
  62  6:10  SCV x2, Siege Tank, Liberator  
  70  6:11  Supply Depot  
  70  6:15  Supply Depot  
  70  6:20  Missile Turret  
  70  6:32  Marine x2, Liberator  
  70  6:33  SCV, Widow Mine  
  70  6:35  Supply Depot  
  70  6:37  SCV, Siege Tank  
  70  6:39  Supply Depot  
  82  6:45  SCV  
  75  6:49  SCV  
  75  6:50  Marine  
  71  6:57  SCV  
  71  6:58  Siege Tank  
  75  7:01  SCV  
  75  7:03  Supply Depot  
  78  7:08  Hellion  
  78  7:09  SCV, Hellion, Siege Tank  
  78  7:13  SCV  
  85  7:21  SCV  
  86  7:30  Siege Tank  
  89  7:38  Factory x2  
  89  7:39  SCV x2  
  89  7:41  Siege Tank  
  94  7:49  Planetary Fortress  
  94  7:51  SCV x2  
  96  8:02  Siege Tank  
  99  8:09  SCV x2  
  103  8:13  Hellion x2, Siege Tank  
  108  8:21  SCV x2  
  110  8:28  Sensor Tower  
  110  8:33  SCV x2  
  115  8:34  Siege Tank  
  115  8:35  Refinery  
  115  8:38  Refinery  
  115  8:40  Factory Tech Lab x2  
  115  8:43  Armory  
  115  8:54  Thor  
  121  9:10  Sensor Tower  
  121  9:20  Supply Depot  
  121  9:21  Supply Depot  
  121  9:24  SCV x3  
  124  9:36  SCV  
  125  9:41  Viking, Thor  
  125  9:42  SCV, Thor  
  125  9:44  Supply Depot x2  
  140  9:47  Terran Vehicle And Ship Armor Level 1  
  140  10:05  Viking  
  138  10:11  Viking  
  109  10:19  Siege Tank x2  
  97  10:24  Siege Tank  
  97  10:25  Siege Tank  
  99  10:35  Viking  
  101  10:51  Siege Tank x2  
  101  10:56  Siege Tank  
  110  10:57  Siege Tank  
  110  10:58  Marine  
  110  10:59  Marine  
  115  11:16  Marine x2  
  89  11:34  Marine x2  
  89  11:45  Thor x3  
  107  11:47  Siege Tank  
  107  11:48  Hellion x2  
  107  11:52  Marine x2  
  116  12:03  SCV  
  116  12:04  SCV x2  
  119  12:09  Hellion  
  119  12:10  Hellion  
  123  12:15  SCV  
  123  12:16  SCV x2  
  123  12:18  Command Center  
  123  12:21  Command Center  
  126  12:28  SCV  
  127  12:32  Siege Tank x3  
  127  12:33  Siege Tank  
  139  12:52  Hellion x2  
  139  12:54  SCV x3  
  146  13:05  Hellion x2  
  140  13:06  SCV x2  
  123  13:37  Siege Tank x4  
  135  13:50  Refinery  
  135  13:51  Refinery  
  135  14:09  Siege Tank x2  
  136  14:20  Hellion x2  
Show
View Real Time Build Order
Export as new Build Order

rottenorange Zerg - Winner!

Build Orders: Hatch First, Roach Hydra 

Get SALT Encoding   

  12  0:00  Drone  
  13  0:13  Overlord  
  13  0:17  Drone  
  14  0:32  Drone x2  
  16  0:51  Hatchery  
  16  0:56  Drone  
  16  1:00  Extractor  
  15  1:08  Drone  
  16  1:15  Spawning Pool  
  16  1:17  Drone  
  16  1:23  Drone  
  17  1:30  Drone  
  17  1:31  Drone  
  19  1:44  Drone  
  20  1:55  Overlord  
  20  2:04  Queen  
  20  2:06  Queen  
  24  2:09  Metabolic Boost  
  24  2:14  Zergling x2  
  25  2:16  Zergling x2  
  25  2:20  Drone  
  27  2:24  Drone  
  28  2:34  Drone x2  
  28  2:35  Drone  
  28  2:36  Drone  
  32  2:57  Overlord  
  32  2:58  Overlord, Drone  
  32  2:59  Drone  
  34  3:32  Drone  
  34  3:33  Drone x4  
  39  3:39  Drone x3  
  42  3:44  Lair  
  42  3:46  Hatchery, Spore Crawler  
  40  3:49  Spore Crawler  
  40  3:52  Drone  
  40  3:53  Drone x2  
  40  3:55  Drone  
  43  4:01  Queen  
  45  4:22  Drone x6  
  45  4:23  Extractor  
  50  4:29  Drone  
  50  4:30  Drone  
  52  4:33  Overlord x4  
  52  4:44  Spine Crawler  
  52  4:45  Spine Crawler  
  50  4:47  Spine Crawler x2  
  50  4:50  Zergling x6  
  51  4:57  Roach Warren  
  51  4:58  Queen  
  52  5:04  Hydralisk Den  
  51  5:08  Drone x4  
  51  5:12  Evolution Chamber  
  51  5:13  Evolution Chamber  
  51  5:14  Extractor  
  52  5:20  Queen  
  54  5:21  Drone  
  54  5:22  Drone x2  
  54  5:23  Drone x3  
  60  5:33  Overlord x3  
  59  5:47  Zerg Missile Weapons Level 1  
  59  5:48  Zerg Ground Armor Level 1, Glial Reconstitution  
  59  5:56  Roach x5  
  69  6:00  Overseer  
  69  6:04  Drone  
  69  6:05  Drone x2  
  69  6:07  Extractor  
  69  6:10  Drone x2  
  69  6:11  Drone  
  74  6:12  Spore Crawler  
  74  6:18  Drone  
  74  6:19  Drone x5  
  79  6:26  Drone x3  
  79  6:30  Overlord x2  
  79  6:58  Grooved Spines  
  79  7:00  Roach x13  
  105  7:30  Hatchery  
  105  7:31  Spine Crawler  
  105  7:34  Spine Crawler  
  102  7:38  Hydralisk x10  
  102  7:39  Hydralisk  
  124  7:46  Overlord x3  
  123  7:57  Hydralisk  
  123  7:58  Hydralisk x2  
  129  8:06  Hydralisk x3  
  135  8:27  Hydralisk x4  
  135  8:28  Hydralisk  
  135  8:29  Extractor x2  
  143  8:35  Overlord  
  143  8:36  Overlord x6  
  143  8:41  Overseer  
  143  8:42  Overseer  
  143  8:44  Overseer  
  143  8:59  Muscular Augments  
  143  9:07  Drone x6  
  143  9:08  Overlord x3  
  149  9:10  Roach x6  
  161  9:20  Pneumatized Carapace  
  161  9:24  Queen  
  161  9:30  Hydralisk  
  161  9:31  Hydralisk x3  
  171  9:40  Zerg Missile Weapons Level 2  
  171  9:48  Zerg Ground Armor Level 2  
  105  10:22  Roach x7  
  105  10:23  Roach x14  
  141  10:38  Roach x3  
  141  10:39  Roach x5  
  157  11:01  Hatchery  
  156  11:04  Drone x2  
  156  11:08  Spine Crawler  
  156  11:10  Spine Crawler, Spore Crawler  
  87  11:42  Hydralisk x10  
  87  11:43  Roach  
  87  11:44  Roach x8  
  117  11:59  Drone x2  
  119  12:13  Hydralisk x5  
  119  12:14  Hydralisk x6  
  141  12:21  Hydralisk  
  141  12:22  Hydralisk  
  145  12:31  Overseer  
  145  12:32  Overseer x2  
  145  12:42  Hydralisk  
  145  12:43  Hydralisk x2  
  145  12:44  Roach x6  
  157  12:45  Roach  
  109  13:21  Hydralisk  
  109  13:22  Hydralisk x8  
  109  13:23  Roach x8  
  143  13:52  Spire  
  143  13:55  Hydralisk x11  
  164  14:26  Roach  
  164  14:27  Roach x8  
Tags
 
Composition
MechRoach Hydra
Matchup
TvZ
Replay Pack
replays
Spawn Locations
Cross Positions
Add a new tag
Caveats
  • Supply blocks, unpowered buildings, or Contaminate may cause inaccurate times.
  • Supply counts are checked every 10 seconds.